 Dungeon Crawl Stone Soup version 0.28-a0-689-ga55568f2eb (webtiles) character file.

Game seed: 10655127441760818523

41 EiAlmux the Conjurer (level 3, 0/29 HPs)
             Began as a Draconian Conjurer on Oct 20, 2021.
             Killed by nerve-wracking pain
             ... invoked by an orc priest
              (4 damage)
             ... on level 2 of the Dungeon.
             The game lasted 00:02:26 (1580 turns).

EiAlmux the Conjurer (Draconian Conjurer)           Turns: 1580, Time: 00:02:27

Health: 0/29       AC:  5    Str:  9    XL:     3   Next: 32%
Magic:  4/6        EV: 12    Int: 19    God:
Gold:   36         SH:  0    Dex:  9    Spells: 3/6 levels left

rFire   . . .      SeeInvis .   b - +0 dagger
rCold   . . .      Faith    .   (no shield)
rNeg    . . .      Spirit   .   (armour unavailable)
rPois   .          Reflect  .   (helmet restricted)
rElec   .          Harm     .   (no cloak)
rCorr   .          Rampage  .   (no gloves)
Will    .....                   (no boots)
Stlth   ++........              (no amulet)
HPRegen 0.09/turn               (no ring)
MPRegen 0.10/turn               (no ring)

@: no status effects
A: AC +5, unfitting armour, cold-blooded
a: no special abilities


You were on level 2 of the Dungeon.
You visited 1 branch of the dungeon, and saw 2 of its levels.

You collected 36 gold pieces.

Inventory:

Hand Weapons
 b - a +0 dagger (weapon)
Scrolls
 a - a scroll of amnesia {unknown}
 c - a scroll of teleportation {unknown}
 d - a scroll of noise {unknown}
 e - a scroll of fog {unknown}
 f - 2 scrolls of identify {unknown}
 g - 2 scrolls of enchant armour {unknown}
Potions
 h - a potion of curing {unknown}


   Skills:
 - Level 2.0 Fighting
 - Level 1.7 Dodging
 + Level 2.2 Stealth
 + Level 2.3 Spellcasting
 + Level 4.2 Conjurations


You had 3 spell levels left.
You knew the following spells:

 Your Spells              Type           Power      Damage    Failure   Level
a - Magic Dart            Conj           72%        1d6       2%          1
b - Searing Ray           Conj           36%        2d5       4%          2

Your spell library contained the following spells:

 Spells                   Type           Power      Damage    Failure   Level
 Beastly Appendage        Tmut           4%         N/A       16%         1
 Dazzling Flash           Conj/Hex       20%        N/A       21%         3
 Wereblood                Tmut           2%         N/A       24%         2
 Spider Form              Tmut/Pois      1%         N/A       43%         3
 Fulminant Prism          Conj/Hex       5%         3d7       56%         4
 Iskenderun's Mystic Bla  Conj/Tloc      10%        2d4       56%         4


Dungeon Overview and Level Annotations

Branches:
Dungeon (2/15)

Altars:


Innate Abilities, Weirdness & Mutations

Your plain brown scales are hard. (AC +5)
You cannot fit into any form of body armour.
You are cold-blooded and may be slowed by cold attacks.


Message History

You can't see any susceptible monsters within range! (Use Z to cast anyway.) 3 orcs come into view.
Found 12 gold pieces.
The orc shouts! x2
The orc hits you but does no damage. The orc hits you with a +0 club.
You hit the orc but do no damage. The orc hits you but does no damage.
You hit the orc but do no damage.
The orc priest hits you but does no damage.
The orc hits you with a +0 mace. The orc barely misses you.
The orc closely misses you.
The orc priest hits you with a +0 war axe.
You closely miss the orc. The orc hits you with a +0 club.
The orc priest hits you with a +0 war axe.
You completely miss the orc.
You tail-slap the orc, but do no damage.
The orc closely misses you. The orc priest barely misses you.
You hit the orc but do no damage. The orc completely misses you.
The orc priest hits you but does no damage.
You hit the orc but do no damage. The orc closely misses you.
The orc priest hits you with a +0 war axe.
* * * LOW HITPOINT WARNING * * *
Casting: Magic Dart (safe; 2% risk of failure)
Confirm with . or Enter, or press ? or * to list all spells.
Aiming: Magic Dart (safe; 2% risk of failure)
Press: ? - help, Shift-Dir - straight line, f - orc
Aim: an orc, wielding a +0 club and wearing a +0 scale mail (100% to hit)
The magic dart hits the orc but does no damage.
The orc closely misses you. The orc priest barely misses you.
Casting: Magic Dart (safe; 2% risk of failure)
Confirm with . or Enter, or press ? or * to list all spells.
Aiming: Magic Dart (safe; 2% risk of failure)
Press: ? - help, Shift-Dir - straight line, f/p - orc
Aim: an orc, wielding a +0 club and wearing a +0 scale mail (100% to hit)
The magic dart hits the orc.
The orc is moderately wounded.
The orc barely misses you.
The orc priest calls down the wrath of Beogh upon you.
Pain shoots through your body!
You die...

#####.###.........#
......##..#...#...#
####..#$o.........#
#..#o..........#
##.#$..........
#.##..#...#..#
#.###.......o#
#..#########o#
##.........o@#
#############


You could see an orc priest and 2 orcs.

Vanquished Creatures
  A dart slug (D:1)
  5 ball pythons
  3 endoplasms (D:1)
  A giant cockroach (D:1)
  3 hobgoblins (D:1)
  3 quokkas
  4 bats (D:1)
  4 frilled lizards
  6 goblins
  6 kobolds
  2 rats (D:1)
38 creatures vanquished.

Notes
Turn   | Place    | Note
-------+----------+-------------------------------------------
     0 | D:1      | EiAlmux the Draconian Conjurer began the quest for the Orb.
     0 | D:1      | Reached XP level 1. HP: 14/14 MP: 3/3
   342 | D:1      | Reached skill level 1 in Fighting
   342 | D:1      | Reached XP level 2. HP: 23/23 MP: 0/5
   345 | D:1      | Learned a level 2 spell: Searing Ray
   877 | D:1      | Reached XP level 3. HP: 19/29 MP: 1/6
  1580 | D:2      | Killed from afar by an orc priest

Illustrated notes

Levels and vault maps discovered:
D:1:      dpeg_arrival_castle, layout_loops_ring
D:2:      cheibrodos_pilgrimage, layout_basic, uniq_jessica

Skill      XL: |  1  2  3 |
---------------+----------+-----
Fighting       | 1 2 |  2.0
Stealth        | 2 |  2.2
Dodging        | |  1.7
Spellcasting   | |  2.3
Conjurations   | |  4.2

Action                   || total
-------------------------++-------
Melee: Dagger            ||    32
       Tailslap          ||     3
 Cast: Magic Dart        ||    67
Armor: Skin              ||    11
Dodge: Dodged            ||    28

Table legend: (Time is in decaauts)
 A = Elapsed time spent in this place.
 B = Non-inter-level travel time spent in this place.
 C = Inter-level travel time spent in this place.
 D = Time resting spent in this place.
 E = Time spent auto-exploring this place.
 F = Levels seen in this place.
 G = Mean time per level.
                   A        B        C        D        E       F      G
               +--------+--------+--------+--------+--------+-----+--------+
         Total |   1584 |   1550 |     34 |      0 |   1352 |   2 |  792.0 |
       Dungeon |   1584 |   1550 |     34 |      0 |   1352 |   2 |  792.0 |
               +--------+--------+--------+--------+--------+-----+--------+

Top non-repeatable levels by time:
     D:1: 1362 daAuts
     D:2: 221 daAuts
